 Dungeon Crawl Stone Soup version 0.29.1-2-gbd0b4ee654 (webtiles) character file.

Game seed: 1728567991764335541

51 Godmorgon the Trooper (level 4, -2/37 HPs)
             Began as a Formicid Abyssal Knight on Oct 24, 2022.
             Was a Priest of Lugonu.
             Killed by divine providence
             ... invoked by an orc priest
              (9 damage)
             ... on level 2 of the Dungeon.
             The game lasted 00:10:26 (1458 turns).

Godmorgon the Trooper (Formicid Abyssal Knight)     Turns: 1458, Time: 00:10:26

Health: -2/37      AC:  5    Str: 19    XL:     4   Next: 5%
Magic:  6/6        EV: 10    Int: 10    God:    Lugonu [***...]
Gold:   45         SH:  0    Dex: 14    Spells: 3/3 levels left

rFire   . . .      SeeInvis +   a - +1 mace
rCold   . . .      Faith    .   (no shield)
rNeg    . . .      Spirit   .   c - +0 ring mail
rPois   .          Reflect  .   (helmet unavailable)
rElec   .          Harm     .   (no cloak)
rCorr   .          Rampage  .   (no gloves)
Will    .....                   (no boots)
Stlth   +.........              (no amulet)
HPRegen 0.12/turn               b - ring of flight
MPRegen 0.10/turn               (no ring)

@: flying
A: permanent stasis, dig shafts and tunnels, antennae 3, four strong arms
a: Dig, Shaft Self, Renounce Religion, Depart the Abyss, Bend Space, Banish


You were on level 2 of the Dungeon.
You worshipped Lugonu.
Lugonu was most pleased with you.
You visited 1 branch of the dungeon, and saw 2 of its levels.
You visited the Abyss 1 time.

You collected 45 gold pieces.

Inventory:

Hand Weapons
 a - a +1 mace (weapon)
Armour
 c - a +0 ring mail (worn)
Jewellery
 b - a ring of flight (left hand)
Scrolls
 e - a scroll of noise {unknown}
 f - a scroll of identify {unknown}
Potions
 d - a potion of magic {unknown}


   Skills:
 + Level 3.8 Fighting
 * Level 3.2 Maces & Flails
 - Level 2.1 Armour
 - Level 0.8 Dodging
 + Level 3.0 Invocations


You had 3 spell levels left.
You didn't know any spells.
Your spell library contained the following spells:

 Spells                   Type           Power      Damage    Failure   Level
 Foxfire                  Conj/Fire      0%         2x1d4     54%         1
 Conjure Flame            Conj/Fire      0%         6-21      88%         3
 Inner Flame              Hex/Fire       0%         N/A       88%         3
 Flame Wave               Conj/Fire      0%         2d4       99%         4


Dungeon Overview and Level Annotations

Branches:
Dungeon (2/15)

Altars:

Annotations:
D:2 Sigmund


Innate Abilities, Weirdness & Mutations

You cannot be hasted, slowed, berserked, paralysed or teleported.
You can dig through walls and to a lower floor.
You have a pair of large antennae on your head. (SInv)
Your four strong arms can wield two-handed weapons with a shield.


Message History

There is a stone staircase leading up, spattered with blood here.
The hobgoblin hits you but does no damage.
The orc priest looks encouraged for a moment.
You fly upwards.
There is a stone staircase leading down here.
The hobgoblin barely misses you.
You thump the hobgoblin!
You kill the hobgoblin!
Lugonu accepts your kill.
There is a stone staircase leading down here.
You fly downwards.
Level annotation: Sigmund The orc priest invokes the aid of Beogh against you.
Beogh smites you!
The orc priest invokes the aid of Beogh against you.
Pain shoots through your body!
There is a stone staircase leading up, spattered with blood here.
You barely miss the orc priest. The orc priest completely misses you.
An orc comes into view. It is wielding a +0 hand axe.
The orc shouts!
You hit the orc priest but do no damage.
The orc priest closely misses you.
You barely miss the orc priest. You barely miss the orc priest.
The orc priest hits you with a +0 flail.
The orc closely misses you. The orc misses you.
The orc priest invokes the aid of Beogh against you.
Pain shoots through your body!
You hit the orc priest but do no damage.
The orc priest closely misses you. The orc barely misses you.
You hit the orc priest.
The orc priest is heavily wounded.
The orc priest hits you with a +0 flail!
* * * LOW HITPOINT WARNING * * *
The orc hits you but does no damage.
You hit the orc priest.
The orc priest is heavily wounded.
The orc priest calls down the wrath of Beogh upon you.
Beogh smites you!
You die...

......# ...
#.......##
....### )...
#........###
.... ....
#..........#
..< #.....
##.....##..###
... .....
##...###.....
.. ...... #####
#..##. ..
......###
##....
.....Boo######
####. #@.<...#
#. ######.# ##
## ###. #
###÷÷.
###..#####..÷##
...........####
.##.........###
#..g........##


You could see an orc priest, an orc and a giant cockroach.

Vanquished Creatures
  An adder (D:2)
  2 worms
  A dart slug (D:1)
  An orc (D:1)
  2 bats (D:1)
  4 endoplasms (D:2)
  2 goblins (D:1)
  3 hobgoblins
  A quokka (D:1)
  8 ball pythons
  A frilled lizard (D:2)
  3 kobolds
  3 rats (D:1)
32 creatures vanquished.

Notes
Turn   | Place    | Note
-------+----------+-------------------------------------------
     0 | Abyss:1  | Godmorgon the Formicid Abyssal Knight began the quest for
                  | the Orb.
     0 | Abyss:1  | Reached XP level 1. HP: 18/18 MP: 2/2
    11 | D:1      | Escaped the Abyss
   118 | D:1      | You fall into a shaft and drop 1 floor!
   160 | D:2      | Reached XP level 2. HP: 18/24 MP: 3/3
   537 | D:2      | Reached XP level 3. HP: 25/27 MP: 4/4
   619 | D:2      | Noticed Sigmund
   905 | D:1      | Reached *** piety under Lugonu
  1095 | D:1      | Found a faded altar of an unknown god.
  1411 | D:1      | Reached XP level 4. HP: 33/37 MP: 6/6
  1458 | D:2      | Killed from afar by an orc priest

Illustrated notes

Levels and vault maps discovered:
D:1:      pf_arrival_petrified_forest, layout_rooms,
          hellmonk_ecumenical_altar_leap_of_faith
D:2:      layout_rooms, basic_altar, uniq_robin, uniq_terence, uniq_sigmund

Skill      XL: |  1  2  3 |
---------------+----------+-----
Maces & Flails | 3 |  3.2
Invocations    | 3 |  3.0
Fighting       | |  3.8
Armour         | |  2.1
Dodging        | |  0.8

Action                   |  1- 3 |  4- 6 || total
-------------------------+-------+-------++-------
Melee: Mace              |    92 |     8 ||   100
 Abil: Dig               |     2 |       ||     2
Armor: Ring mail         |    45 |     3 ||    48
Dodge: Dodged            |    53 |     7 ||    60
